 Dungeon Crawl Stone Soup version 0.30-a0-1074-g5db6f66fbb (webtiles) character file.

Game seed: 6191193484611337781

39 Aneyh the Trooper (level 3, -3/24 HPs)
             Began as a Tengu Fighter on Apr 13, 2023.
             Slain by Ijyb
             ... wielding a +0 club
              (4 damage)
             ... on level 3 of the Dungeon.
             The game lasted 00:02:01 (1344 turns).

Aneyh the Trooper (Tengu Fighter)                   Turns: 1344, Time: 00:02:02

Health: -3/24      AC:  6    Str: 18    XL:     3   Next: 45%
Magic:  4/4        EV:  9    Int:  8    God:
Gold:   112        SH:  4    Dex: 13    Spells: 2/2 levels left

rFire   . . .      SeeInvis .    a - +0 flail
rCold   . . .      Faith    .    c - +0 buckler
rNeg    . . .      Spirit   .    b - +0 scale mail
rPois   .          Reflect  .    (helmet restricted)
rElec   .          Rampage  .    (no cloak)
rCorr   .                        (no gloves)
Will    .....                    (boots unavailable) Stlth
                                 (no amulet)
HPRegen 0.24/turn                (no ring)
MPRegen 0.09/turn                (no ring)

@: no status effects
A: beak, talons 3
a: no special abilities


You were on level 3 of the Dungeon.
You visited 1 branch of the dungeon, and saw 3 of its levels.

You collected 112 gold pieces.

Inventory:

Hand Weapons
 a - a +0 flail (weapon)
 i - a +0 morningstar
 t - a +0 trident
Armour
 b - a +0 scale mail (worn)
 c - a +0 buckler (worn)
Scrolls
 e - 2 scrolls of enchant armour {unknown}
 j - a scroll of noise {unknown}
 m - 2 scrolls of amnesia {unknown}
 n - 2 scrolls of identify {unknown}
 o - a scroll of teleportation {unknown}
 p - 2 scrolls of enchant weapon {unknown}
 r - a scroll of silence {unknown}
Potions
 d - a potion of might
 f - 2 potions of curing {unknown}
 g - a potion of berserk rage {unknown}
 h - a potion of heal wounds {unknown}
 k - a potion of flight {unknown}
 l - a potion of brilliance {unknown}
 q - a potion of resistance {unknown}


   Skills:
 + Level 4.4 Fighting
 - Level 2.1 Maces & Flails
 - Level 3.2 Armour
 - Level 3.0 Shields


You had 2 spell levels left.
You didn't know any spells.
Your spell library contained the following spells:

 Spells                   Type           Power      Damage    Failure   Level
 Magic Dart               Conj           0%         1d3       87%         1
 Summon Small Mammal      Summ           0%         N/A       87%         1
 Call Imp                 Summ           0%         N/A       95%         2
 Call Canine Familiar     Summ           0%         N/A       99%         3
 Mephitic Cloud           Conj/Pois/Air  0%         N/A       99%         3
 Summon Guardian Golem    Hex/Summ       0%         N/A       99%         3


Dungeon Overview and Level Annotations

Branches:
Dungeon (3/15)

Altars:

Annotations:
D:3 Ijyb


Innate Abilities, Weirdness & Mutations

You have a beak for a mouth.
You have claws for feet.


Message History

Throw: 2 throwing nets
Press: ? - help, Q - select action Shift-Dir - straight line, f - Ijyb
Aim: Ijyb, wielding a +0 club, wearing a +0 ring mail and carrying a wand of mindburst (9) (moderately wounded, strong, 55% to hit)
You throw a throwing net. The throwing net barely misses Ijyb.
You block Ijyb's attack.
Throw: throwing net
Press: ? - help, Q - select action Shift-Dir - straight line, f/p - Ijyb
Aim: Ijyb, wielding a +0 club, wearing a +0 ring mail and carrying a wand of mindburst (9) (moderately wounded, strong, 55% to hit)
You throw a throwing net. The throwing net barely misses Ijyb.
Ijyb zaps a wand.
You barely resist.
You hear a shout!
You completely miss Ijyb.
Ijyb is moderately wounded.
You hear a shout! x2
Ijyb screams, "Me very upset!"
Ijyb zaps a wand.
Your mind is blasted!
Ijyb zaps a wand.
You barely resist. You closely miss Ijyb. Your kick misses Ijyb.
Ijyb is moderately wounded.
An orc comes into view. It is wielding a +0 club.
You block Ijyb's attack.
You closely miss Ijyb. Your peck misses Ijyb.
Ijyb is moderately wounded.
Ijyb hits you with a +0 club.
* * * LOW HITPOINT WARNING * * *
You closely miss Ijyb.
Ijyb is moderately wounded.
Ijyb hits you with a +0 club.
* * * LOW HITPOINT WARNING * * *
Ijyb misses you.
You hit Ijyb but do no damage. Your kick misses Ijyb. Your peck misses Ijyb.
Ijyb is moderately wounded.
You block Ijyb's attack.
You hit Ijyb but do no damage.
Ijyb is moderately wounded.
Ijyb hits you with a +0 club.
* * * LOW HITPOINT WARNING * * *
You barely miss Ijyb.
Ijyb is moderately wounded.
You block Ijyb's attack. Ijyb hits you with a +0 club.
You die...

######
#og@.#
#.##.#
# #.#
#.####
#.##<#
#.##.#
#.##.#
#....#
######


You could see Ijyb (strong) and an orc.

Vanquished Creatures
  An adder (D:2)
  A dart slug (D:2)
  7 bats
  2 endoplasms
  2 giant cockroaches (D:1)
  3 goblins
  A hobgoblin (D:2)
  A kobold (D:1)
  2 quokkas (D:2)
  4 ball pythons
  2 rats (D:1)
26 creatures vanquished.

Notes
Turn   | Place    | Note
-------+----------+-------------------------------------------
     0 | D:1      | Aneyh the Tengu Fighter began the quest for the Orb.
     0 | D:1      | Reached XP level 1. HP: 14/14 MP: 2/2
   363 | D:1      | Reached XP level 2. HP: 19/19 MP: 3/3
   663 | D:1      | Found a faded altar of an unknown god.
   925 | D:2      | Reached skill level 4 in Fighting
   925 | D:2      | Reached XP level 3. HP: 24/24 MP: 4/4
  1330 | D:3      | Noticed Ijyb
  1343 | D:3      | HP: 1/24 [Ijyb/+0 club (5)]
  1344 | D:3      | Slain by Ijyb

Illustrated notes

Levels and vault maps discovered:
D:1:      dpeg_arrival_water_fire, layout_basic, ebering_ecumenical_altar_webs,
          minmay_misc_feat_plants, bh_walls_and_bars
D:2:      layout_rooms, kennysheep_generic_room_12
D:3:      layout_basic, gammafunk_ghost_split, uniq_crazy_yiuf_cottage,
          uniq_ijyb, uniq_terence

Skill      XL: |  1  2 |
---------------+-------+-----
Fighting       | 4 |  4.4
Maces & Flails | |  2.1
Armour         | |  3.2
Shields        | |  3.0

Action                     || total
---------------------------++-------
  Melee: Flail             ||    71
         Kick              ||    12
         Peck              ||    10
  Throw: Throwing net      ||     2
 Armour: Scale mail        ||    30
  Dodge: Dodged            ||    31
  Block: Buckler           ||    16

Table legend: (Time is in decaauts)
 A = Elapsed time spent in this place.
 B = Non-inter-level travel time spent in this place.
 C = Inter-level travel time spent in this place.
 D = Time resting spent in this place.
 E = Time spent auto-exploring this place.
 F = Levels seen in this place.
 G = Mean time per level.
                   A        B        C        D        E       F      G
               +--------+--------+--------+--------+--------+-----+--------+
         Total |   1375 |   1302 |     73 |      0 |   1059 |   3 |  458.3 |
       Dungeon |   1375 |   1302 |     73 |      0 |   1059 |   3 |  458.3 |
               +--------+--------+--------+--------+--------+-----+--------+

Top non-repeatable levels by time:
     D:1: 890 daAuts
     D:2: 429 daAuts
     D:3: 56 daAuts
